Map: Star Station TE

Players

CBagRun

  • Race: Zerg Zerg
  • Spawn Location: 5:00

couchman - Winner!

  • Race: Terran Terran
  • Spawn Location: 11:00

VOD

Have the link to the VOD?

Description

Time

  • Played on: Dec. 13, 2021, 9:27 p.m.
  • Length: 21:12
Show
View Real Time Build Order
Export as new Build Order

CBagRun Zerg 

Build Orders: Pool First 

Get SALT Encoding   

  12  0:00  Drone  
  13  0:09  Drone  
  14  0:30  Spawning Pool  
  14  0:33  Drone  
  14  0:40  Extractor  
  14  0:42  Drone  
  14  0:45  Overlord  
  14  1:03  Extractor  
  13  1:05  Drone x2  
  15  1:19  Queen  
  15  1:21  Zergling x2  
  15  1:22  Zergling x2  
  19  1:30  Drone  
  20  1:47  Zergling x2  
  20  1:50  Metabolic Boost  
  21  2:01  Evolution Chamber  
  20  2:04  Zergling x4  
  21  2:36  Lair  
  21  2:40  Overlord  
  21  3:03  Drone  
  21  3:04  Drone x6  
  28  3:16  Roach Warren  
  27  3:35  Overlord  
  27  3:49  Hydralisk Den  
  26  3:57  Zergling x2  
  26  3:58  Zergling x8  
  31  4:06  Glial Reconstitution  
  31  4:09  Zergling x2  
  32  4:10  Zergling x4  
  34  4:31  Hydralisk  
  34  4:37  Overlord x2  
  36  5:03  Hydralisk  
  36  5:04  Hydralisk x2  
  42  5:13  Hydralisk  
  42  5:14  Hydralisk x2  
  48  6:39  Queen  
  48  6:44  Zerg Melee Weapons Level 1  
  50  6:47  Hatchery  
  48  7:53  Roach  
  48  7:54  Roach x2  
  48  7:56  Overlord x3  
  48  7:57  Overlord x2  
  37  8:38  Zerg Missile Weapons Level 1  
  37  9:00  Zergling x2  
  37  9:01  Zergling x16  
  47  9:10  Zergling x2  
  31  10:13  Zergling x2  
  31  10:14  Zergling x8  
  36  10:32  Roach  
  36  10:33  Zerg Ground Armor Level 1  
  36  10:35  Zergling x2  
  26  11:19  Roach  
  26  11:20  Roach x2  
  31  11:51  Hydralisk x10  
  51  11:57  Zergling x2  
  51  11:58  Zergling x4  
  54  12:04  Grooved Spines  
  54  12:09  Zergling x2  
  55  12:21  Zergling x2  
  55  12:22  Zergling x2  
  57  12:23  Zergling x2  
  57  12:24  Zergling x4  
  57  12:26  Zerg Melee Weapons Level 2  
  59  13:15  Muscular Augments  
  25  14:42  Zerg Missile Weapons Level 2  
  23  14:49  Roach x6  
  23  14:50  Roach x5  
  45  15:07  Spire  
  45  15:10  Drone  
  45  15:11  Drone x2  
  47  15:16  Roach x4  
  47  15:20  Roach  
  47  15:21  Roach x7  
  73  15:35  Roach  
  73  15:36  Roach x3  
  79  15:45  Zergling x8  
  83  15:51  Zergling x2  
  84  16:29  Zerg Flyer Armor Level 1  
  84  16:33  Mutalisk x3  
  84  16:34  Mutalisk x3  
  96  16:40  Mutalisk  
  96  16:41  Mutalisk  
  100  16:53  Overlord  
  100  16:54  Overlord  
  100  17:28  Hydralisk  
  100  17:29  Hydralisk x3  
  108  17:33  Hydralisk x3  
  108  17:35  Zergling x4  
  25  20:05  Extractor  
  24  20:12  Extractor  
  23  20:26  Zergling x10  
  23  20:27  Zergling x20  
  38  20:29  Zergling x16  
  38  20:30  Zergling x22  
Show
View Real Time Build Order
Export as new Build Order

couchman Terran - Winner!

Build Orders:  

Get SALT Encoding   

  12  0:00  SCV  
  13  0:12  SCV  
  14  0:19  Supply Depot  
  14  0:25  SCV  
  15  0:42  Barracks, SCV  
  16  0:54  SCV  
  17  0:58  Supply Depot  
  17  1:06  SCV  
  18  1:21  Supply Depot  
  18  1:22  SCV  
  19  1:31  Marine  
  19  1:32  Supply Depot  
  20  1:34  SCV  
  21  1:49  Marine  
  21  1:50  Supply Depot  
  22  2:07  Marine, Command Center  
  23  2:14  SCV  
  24  2:22  Refinery  
  23  2:25  Marine  
  24  2:42  SCV  
  24  2:43  Marine  
  26  2:54  SCV  
  27  3:01  Marine  
  28  3:11  Orbital Command  
  28  3:18  Marine  
  29  3:22  Barracks  
  29  3:36  Marine  
  29  3:39  Engineering Bay  
  30  3:51  SCV  
  30  3:53  SCV  
  32  4:03  SCV  
  32  4:04  Marine  
  32  4:05  SCV  
  32  4:07  Factory  
  35  4:10  Refinery  
  35  4:12  Reaper  
  35  4:15  SCV  
  37  4:17  SCV  
  37  4:19  Refinery  
  37  4:22  Marine  
  39  4:27  SCV  
  39  4:29  SCV  
  41  4:37  Refinery  
  41  4:39  SCV  
  41  4:40  Marine  
  41  4:41  SCV  
  41  4:45  Reaper  
  45  4:53  SCV  
  45  4:58  Marine  
  47  5:05  SCV  
  47  5:06  SCV  
  49  5:15  Marine  
  49  5:17  Reaper  
  49  5:18  SCV x2  
  53  5:23  Factory Reactor  
  53  5:30  SCV x2, Terran Infantry Armor Level 1  
  53  5:33  Marine  
  56  5:44  Supply Depot  
  56  5:49  Reaper  
  57  5:51  Marine  
  58  6:07  Supply Depot  
  58  6:09  Command Center  
  58  6:21  Reaper, Widow Mine  
  58  6:22  Widow Mine  
  63  6:29  Supply Depot  
  63  6:36  Marine  
  64  6:42  Widow Mine  
  64  6:43  Widow Mine  
  64  6:45  Bunker  
  68  6:52  Supply Depot  
  68  6:53  Reaper  
  69  6:54  Marine  
  70  7:03  Widow Mine  
  70  7:05  Widow Mine  
  74  7:12  Marine  
  74  7:15  Supply Depot  
  75  7:21  Armory  
  75  7:24  Terran Infantry Weapons Level 1  
  75  7:25  Reaper, Widow Mine  
  75  7:26  Widow Mine  
  80  7:30  Marine  
  80  7:33  SCV  
  78  7:45  SCV  
  78  7:48  Marine  
  80  7:57  Reaper, SCV  
  82  8:06  Sensor Tower  
  82  8:10  SCV, Engineering Bay  
  83  8:22  SCV  
  84  8:29  Reaper  
  85  8:43  Terran Infantry Armor Level 2  
  85  8:54  Supply Depot  
  85  9:10  SCV  
  86  9:18  Neosteel Armor  
  86  9:23  SCV  
  87  9:32  Bunker  
  87  9:35  SCV  
  77  9:47  SCV  
  66  9:59  SCV  
  63  10:11  Planetary Fortress  
  59  10:27  Marine x2  
  56  10:45  Marine x2  
  54  11:03  Marine x2  
  54  11:20  Marine  
  54  11:21  Marine  
  54  11:25  Command Center  
  56  11:29  Terran Infantry Weapons Level 2  
  56  11:32  Terran Vehicle And Ship Armor Level 1  
  56  11:33  Terran Infantry Armor Level 3  
  56  11:38  Marine x2  
  58  11:45  Widow Mine x2  
  62  11:56  Marine x2  
  64  12:02  Starport  
  64  12:07  Widow Mine x2  
  68  12:14  Marine x2  
  70  12:28  Widow Mine x2  
  74  12:32  Marine x2  
  76  12:49  Marine, Widow Mine x2  
  76  12:50  Marine  
  76  12:51  Planetary Fortress  
  82  12:55  Bunker  
  82  13:18  Marine x2  
  80  13:24  Bunker  
  80  13:26  Terran Ship Weapons Level 1  
  71  13:36  Marine x2  
  72  13:47  SCV  
  70  13:54  Marine x2  
  63  14:00  SCV  
  58  14:10  Hi-Sec Auto Tracking  
  58  14:12  Marine x2, SCV  
  58  14:13  Barracks  
  58  14:26  Missile Turret  
  58  14:29  SCV  
  58  14:30  Marine x2  
  53  14:41  SCV  
  52  14:47  Marine  
  52  14:48  Marine  
  54  14:55  Supply Depot  
  54  15:01  Barracks, Widow Mine x2, Bunker  
  54  15:05  Marine  
  60  15:08  Barracks Reactor  
  59  15:14  SCV  
  59  15:18  Supply Depot  
  59  15:21  SCV  
  61  15:22  Widow Mine x2  
  61  15:27  SCV  
  66  15:30  Refinery  
  66  15:33  SCV  
  66  15:34  Refinery  
  67  15:40  Supply Depot  
  67  15:43  Terran Infantry Weapons Level 3  
  67  15:44  Widow Mine x2  
  67  15:45  SCV  
  72  15:50  Barracks Tech Lab  
  72  15:52  Terran Vehicle And Ship Armor Level 2  
  72  16:05  Widow Mine x2  
  72  16:09  SCV  
  77  16:17  Medivac  
  79  16:21  SCV  
  80  16:26  Sensor Tower  
  80  16:33  SCV  
  80  16:38  Sensor Tower  
  81  16:47  Medivac  
  83  17:06  SCV  
  84  17:11  Widow Mine x2  
  84  17:14  Barracks Reactor  
  88  17:17  Medivac  
  88  17:20  Reaper x4  
  94  17:32  Widow Mine x2  
  98  17:47  Medivac  
  100  17:52  Reaper x4  
  104  18:08  Terran Ship Weapons Level 2  
  104  18:24  Reaper x4  
  104  18:26  Missile Turret  
  107  18:50  Marine x2  
  109  18:56  Reaper x2  
  109  18:57  Reaper x2  
  113  19:07  Ghost Academy  
  113  19:08  Marine x2  
  115  19:14  Missile Turret  
  115  19:15  Missile Turret  
  113  19:20  Missile Turret  
  113  19:25  Marine  
  113  19:26  Marine  
  113  19:29  Reaper x2  
  106  19:49  Marine x2  
  96  20:33  Command Center  
Tags
 
Matchup
TvZ
Opening
Pool First
Replay Pack
re
Spawn Locations
Cross Positions
Add a new tag
Caveats
  • Supply blocks, unpowered buildings, or Contaminate may cause inaccurate times.
  • Supply counts are checked every 10 seconds.